 Dungeon Crawl Stone Soup version 0.25.0-46-gbd7b0854d2 (webtiles) character file.

Game seed: 8101532480326293508

810 DerDa the Magician (level 7, -3/46 HPs)
             Began as a Mummy Wizard on July 16, 2020.
             Was an Initiate of Sif Muna.
             Slain by a phantom (10 damage)
             ... on level 5 of the Dungeon.
             The game lasted 00:16:40 (5892 turns).

DerDa the Magician (Mummy Wizard)                   Turns: 5892, Time: 00:16:40

Health: -3/46      AC:  2    Str: 11    XL:     7   Next: 61%
Magic:  15/17      EV: 12    Int: 19    God:    Sif Muna [......]
Gold:   145        SH:  0    Dex: 10    Spells: 12/20 levels left

rFire    x . .     SeeInvis +   o - +0 trident
rCold    + + .     Gourm    .   (no shield)
rNeg     + + +     Faith    .   a - +0 robe
rPois    ∞         Spirit   .   b - +0 hat
rElec    .         Reflect  .   (no cloak)
rCorr    .         Harm     .   (no gloves)
MR       .....                  (no boots)
Stlth    ++........             t - amulet of magic regeneration
HPRegen  0.15/turn              l - ring of see invisible
MPRegen  0.40/turn              q - ring of protection from cold

@: no status effects
A: no food or potions, fire vulnerability, cold resistance 1, negative energy
resistance 3, torment resistance, unbreathing
a: Renounce Religion


You were on level 5 of the Dungeon.
You worshipped Sif Muna.
Sif Muna was noncommittal.
You were not hungry.

You visited 2 branches of the dungeon, and saw 6 of its levels.

You collected 145 gold pieces.

Inventory:

Hand Weapons
 c - a +0 hunting sling
 o - a +0 trident (weapon)
Missiles
 i - 11 atropa-tipped darts (quivered)
 k - 14 bolts
 m - 3 datura-tipped darts
 p - 41 sling bullets
 u - 41 poisoned darts
Armour
 a - a +0 robe (worn)
 b - a +0 hat (worn)
Jewellery
 l - a ring of see invisible (left hand)
 q - a ring of protection from cold (right hand)
 t - an amulet of magic regeneration (around neck)
Wands
 n - a wand of random effects (30)
Scrolls
 d - a scroll of immolation
 g - a scroll of enchant armour
 h - 2 scrolls of teleportation
 r - a scroll of enchant weapon
 s - 2 scrolls of magic mapping
 v - a scroll of noise {unknown}


   Skills:
 - Level 1.5 Dodging
 - Level 1.5 Stealth
 * Level 7.4 Spellcasting
 * Level 4.3 Conjurations
 - Level 0.7 Summonings
 - Level 0.7 Translocations
 + Level 2.3 Air Magic
 + Level 2.1 Poison Magic


You had 12 spell levels left.
You knew the following spells:

 Your Spells              Type           Power        Failure   Level  Hunger
a - Magic Dart            Conj           ###.         1%          1    N/A
b - Mephitic Cloud        Conj/Pois/Air  ###.....     9%          3    N/A
c - Call Imp              Summ           #.......     11%         2    N/A
q - Blink                 Tloc           N/A          11%         2    N/A

Your spell library contained the following spells:

 Spells                   Type           Power        Failure   Level  Hunger
 Conjure Flame            Conj/Fire      ###.....     12%         3    N/A
 Slow                     Hex            #.......     14%         2    N/A

Dungeon Overview and Level Annotations

Branches:
Dungeon (5/15)             Temple (1/1) D:5

Altars:
Ashenzari
Cheibriados
Elyvilon
Fedhas
Gozag
Hepliaklqana
Kikubaaqudgha
Nemelex Xobeh
Okawaru
Qazlal
Ru
Sif Muna
Trog
Vehumet
Wu Jian
Yredelemnul
Zin
The Shining One


Innate Abilities, Weirdness & Mutations

You do not eat or drink.
Your flesh is vulnerable to fire.
You are immune to poison.
Your flesh is cold resistant. (rC+)
You are immune to negative energy. (rN+++)
You are immune to unholy pain and torment.
You can survive without breathing.


Message History

* * * LOW HITPOINT WARNING * * *
The phantom blinks!
Casting: Magic Dart (safe; 1% risk of failure)
Confirm with . or Enter, or press ? or * to list all spells.
Aiming: Magic Dart (safe; 1% risk of failure)
Press: ? - help, Shift-Dir - straight line, f/p - phantom
Aim: a phantom (moderately damaged)
The magic dart hits the phantom.
The phantom is moderately damaged.
The phantom blinks!
Your crimson imp blinks!
Casting: Magic Dart (safe; 1% risk of failure)
Confirm with . or Enter, or press ? or * to list all spells.
Aiming: Magic Dart (safe; 1% risk of failure)
Press: ? - help, Shift-Dir - straight line, f/p - phantom
Aim: a phantom (moderately damaged)
The magic dart hits the phantom.
The phantom is moderately damaged.
The phantom hits you!
You die...

#....#
####.# #.#
#.# #.#
#.# #.#
########W#
.....§§@.#
##########


You could see a phantom.

Vanquished Creatures
  Grinder (D:3)
  A phantom (D:4)
  An ogre (D:4)
  A scorpion (D:4)
  A water moccasin skeleton (D:4)
  A centaur zombie (D:5)
  An orc priest (D:3)
  A bullfrog skeleton (D:4)
  2 orc wizards
  A hound skeleton (D:4)
  3 gnolls (D:4)
  7 adders
  An ooze (D:1)
  2 worms (D:3)
  5 leopard geckos
  18 orcs
  4 hobgoblins
  9 jackals (D:4)
  3 quokkas
  2 ball pythons
  A ball python skeleton (D:2)
  5 bats
  3 frilled lizards (D:2)
  7 goblins
  5 kobolds
  A leopard gecko skeleton (D:5)
  7 rats
94 creatures vanquished.

Vanquished Creatures (collateral kills)
  An ogre (D:4)
  An orc (D:4)
2 creatures vanquished.

Grand Total: 96 creatures vanquished

Notes
Turn   | Place    | Note
-------+----------+-------------------------------------------
     0 | D:1      | DerDa the Mummy Wizard began the quest for the Orb.
     0 | D:1      | Reached XP level 1. HP: 13/13 MP: 5/5
    87 | D:1      | Reached skill level 1 in Conjurations
   188 | D:1      | Reached XP level 2. HP: 15/19 MP: 0/7
   935 | D:2      | Reached XP level 3. HP: 24/24 MP: 6/9
   950 | D:2      | Learned a level 3 spell: Mephitic Cloud
   953 | D:2      | Learned a level 2 spell: Call Imp
   956 | D:2      | Learned a level 2 spell: Blink
  1244 | D:2      | Reached skill level 5 in Spellcasting
  1542 | D:2      | Reached XP level 4. HP: 30/30 MP: 3/11
  1677 | D:2      | Found a basalt altar of Yredelemnul.
  1967 | D:3      | Noticed Grinder
  2631 | D:3      | Reached XP level 5. HP: 30/35 MP: 2/13
  2999 | D:3      | Noticed a moth of wrath
  3001 | D:3      | Found a bloodstained altar of Trog.
  3381 | D:3      | Killed Grinder
  3381 | D:3      | Reached skill level 6 in Spellcasting
  3381 | D:3      | Reached skill level 1 in Air Magic
  3381 | D:3      | Reached skill level 1 in Poison Magic
  3381 | D:3      | Reached XP level 6. HP: 31/41 MP: 0/15
  4414 | D:4      | Reached XP level 7. HP: 19/46 MP: 7/17
  4736 | D:4      | Found a sacrificial altar of Ru.
  4791 | D:4      | Reached skill level 7 in Spellcasting
  5374 | D:5      | Entered Level 5 of the Dungeon
  5409 | D:5      | Found a staircase to the Ecumenical Temple.
  5423 | Temple   | Entered the Ecumenical Temple
  5434 | Temple   | Became a worshipper of Sif Muna the Loreminder
  5892 | D:5      | Slain by a phantom

Illustrated notes

Levels and vault maps discovered:
D:1:      mrwooster_arrival_statue, layout_rooms
D:2:      layout_loops_cross, lemuel_round_altar
D:3:      layout_loops_cross, tgw_trog, uniq_grinder
D:4:      layout_loops_ring, nicolae_ru_awakened_eye
D:5:      layout_basic, minmay_temple_entry_wispy, basic_altar, first_ration,
          uniq_menkaure
Temple:   nicolae_temple_elliptical

Skill      XL: |  1  2  3  4  5  6  7 |
---------------+----------------------+-----
Conjurations   | 1 2 3 4 |  4.3
Spellcasting   | 5 6 7 |  7.4
Air Magic      | 1 2 |  2.3
Poison Magic   | 1 2 |  2.1
Dodging        | |  1.5
Stealth        | |  1.5
Summonings     | |  0.7
Translocations | |  0.7

Action                   |  1- 3 |  4- 6 |  7- 9 || total
-------------------------+-------+-------+-------++-------
Melee: Unarmed           |    15 |       |       ||    15
       Trident           |       |    52 |    35 ||    87
 Cast: Magic Dart        |    72 |   162 |    70 ||   304
       Call Imp          |       |     9 |     3 ||    12
       Mephitic Cloud    |       |     2 |     2 ||     4
  Use: Scroll            |       |       |     7 ||     7
 Stab: Confused          |       |     1 |       ||     1
Armor: Robe              |       |    11 |     1 ||    12
Dodge: Dodged            |    16 |    76 |    22 ||   114
